 Dungeon Crawl Stone Soup version 0.20.1-1-g8b1a95d (console) character file.

2034 hilaritas the Cleaver (level 9, 0/68 HPs)
             Began as a Formicid Fighter on Mar 5, 2018.
             Slain by an orc warrior
             ... wielding a cursed -1 glaive
              (13 damage)
             ... on level 7 of the Dungeon.
             The game lasted 00:17:05 (5985 turns).

hilaritas the Cleaver (Formicid Fighter)            Turns: 5985, Time: 00:17:06

Health: 0/68       AC: 13    Str: 24    XL:     9   Next: 48%
Magic:  9/9        EV:  7    Int:  8    God:
Gold:   93         SH: 18    Dex: 14    Spells: 5/8 levels left

rFire    . . .     SeeInvis +   q - +2 hand axe (freeze)
rCold    . . .     Gourm    .   m - +2 large shield {AC+3}
rNeg     . . .     Faith    .   b - +0 scale mail
rPois    .         Spirit   .   (helmet unavailable)
rElec    .         Reflect  .   (no cloak)
rCorr    .         Harm     +   (no gloves)
MR       .....                  (no boots)
Stlth    ..........             p - amulet of harm
Regen    0.3/turn               u - +4 ring of dexterity
MPRegen  0.2/turn               k - +4 ring of protection

@: lethally poisoned (0 -> -1)
A: permanent stasis, dig shafts and tunnels, four strong arms, antennae 3,
mutation resistance 1, no potion heal 1
a: Dig, Shaft Self


You were on level 7 of the Dungeon.
You were not hungry.

You visited 2 branches of the dungeon, and saw 8 of its levels.
You also visited: Ossuary.

You collected 361 gold pieces.
You spent 268 gold pieces at shops.

Inventory:

Hand Weapons
 a - a +1 war axe
 q - a +2 hand axe of freezing (weapon)
 v - the +3 whip "Koas" {venom, +Rage}
   (You found it on level 5 of the Dungeon)

   It poisons the flesh of those it strikes.
   It lets you go berserk.
Missiles
 w - 7 javelins (quivered)
Armour
 b - a +0 scale mail (worn)
 m - a +2 large shield of protection (worn)
Jewellery
 g - an uncursed amulet of regeneration
 k - a +4 ring of protection (right hand)
 p - an amulet of harm (around neck)
 u - a +4 ring of dexterity (left hand)
Wands
 t - a wand of random effects (24/48)
 C - a wand of flame (22/48)
 D - a wand of random effects (35/48)
 H - a wand of random effects (37/48)
Scrolls
 h - 4 scrolls of remove curse
 s - a scroll of enchant weapon
 x - 3 scrolls of amnesia
 y - 2 scrolls of fear
 z - 3 scrolls of fog
 E - a scroll of enchant armour
 F - a scroll of holy word
 G - a scroll of recharging
Potions
 d - 2 potions of invisibility
 e - a potion of resistance
 j - a potion of agility
 n - a potion of berserk rage {unknown}
 o - 6 potions of curing
 r - a potion of brilliance
 B - 2 potions of cancellation
Comestibles
 f - 4 bread rations
 i - 2 royal jellies
 l - 3 fruits
 A - 4 meat rations
 I - 2 chunks of flesh


   Skills:
 * Level 5.4 Fighting
 - Level 10.0 Axes
 + Level 3.4 Armour
 + Level 7.2 Shields


You had 5 spell levels left.
You knew the following spells:

 Your Spells              Type           Power        Failure   Level  Hunger
a - Regeneration          Chrm/Necr      #.........   100%        3    ####...


Dungeon Overview and Level Annotations

Branches:
Dungeon (7/15)             Temple (1/1) D:4

Altars:
Ashenzari
Cheibriados
Elyvilon
Fedhas
Gozag
Hepliaklqana
Kikubaaqudgha
Makhleb
Nemelex Xobeh
Qazlal
Sif Muna
Trog
Vehumet
Xom
Yredelemnul
Zin
The Shining One

Shops:
D:6 ?


Innate Abilities, Weirdness & Mutations

You cannot be hasted, slowed, berserked, paralysed or teleported.
You can dig through walls and to a lower floor.
Your four strong arms can wield two-handed weapons with a shield.
You have a pair of large antennae on your head. (SInv)
You are somewhat resistant to further mutation.
Potions are less effective at restoring your health.


Message History

You barely miss the orc warrior.
The orc warrior is heavily wounded.
You feel sick.
You barely miss the orc warrior.
The orc warrior is heavily wounded.
The orc warrior hits you with a glaive.
You closely miss the orc warrior.
The orc warrior is heavily wounded.
The orc warrior hits you with a glaive!!
* * * LOW HITPOINT WARNING * * *
You hit the orc warrior. You freeze the orc warrior.
The orc warrior is heavily wounded.
You block the orc warrior's attack.
Unknown command.
Your system partially rejects the healing.
You feel much better.
You feel sick.
You hit the orc warrior. You freeze the orc warrior.
The orc warrior is severely wounded.
The orc warrior hits you with a glaive!
You die...

########### #.........#
#.#######.# #.# #.#
####### #@# #.#
......###o# #.#
#@#.{.##o# #.########
#...{{{#o# #####.........
#...{{.oy#.........######
##...{{###.#######.#
##.{.## #.# ##{## { #.#
... #.# ..... #.# ######
#.#


You could see 2 orc warriors, a killer bee and 2 orcs.

Vanquished Creatures
  Joseph (D:7)
  The ghost of ceb the Skirmisher, an amateur DsFi (D:4)
  Sigmund (D:2)
  A necrophage (D:6)
  An ogre (D:6)
  2 centaurs
  A big kobold (D:6)
  4 elf zombies (Ossuary)
  A bullfrog (D:6)
  4 killer bees (D:7)
  A crimson imp (D:5)
  A centaur skeleton (D:6)
  An iguana (D:4)
  An orc wizard (D:3)
  2 worker ants
  A hound zombie (Ossuary)
  4 mummies (Ossuary)
  3 gnolls (D:4)
  9 adders
  2 shadow imps (D:6)
  An ooze (D:1)
  An adder skeleton (D:5)
  4 worms
  A dart slug (D:1)
  4 leopard geckos
  9 orcs
  5 ball pythons
  10 bats
  9 giant cockroaches
  3 gnoll zombies (Ossuary)
  6 goblins
  2 hobgoblins
  4 jackals (D:4)
  3 frilled lizards
  2 hobgoblin zombies (Ossuary)
  A jackal zombie (Ossuary)
  9 kobolds
  2 leopard gecko skeletons (D:4)
  5 rats
123 creatures vanquished.

Vanquished Creatures (others)
  A goblin zombie (Ossuary)
1 creature vanquished.

Grand Total: 124 creatures vanquished

Notes
Turn   | Place    | Note
-------+----------+-------------------------------------------
     0 | D:1      | hilaritas the Formicid Fighter began the quest for the Orb.
     0 | D:1      | Reached XP level 1. HP: 18/18 MP: 1/1
    57 | D:1      | Reached XP level 2. HP: 23/24 MP: 2/2
   399 | D:1      | Reached XP level 3. HP: 29/29 MP: 3/3
   690 | D:2      | Reached skill level 3 in Axes
   736 | D:2      | Noticed Sigmund
   750 | D:2      | Killed Sigmund
   750 | D:2      | Reached skill level 4 in Axes
   750 | D:2      | Reached XP level 4. HP: 25/37 MP: 4/4
   750 | D:2      | Reached XP level 5. HP: 28/42 MP: 5/5
   750 | D:2      | Reached XP level 6. HP: 33/48 MP: 6/6
   923 | D:2      | Reached skill level 5 in Axes
   998 | D:2      | Found a bloodstained altar of Trog.
  2219 | D:4      | Noticed ceb's ghost (amateur DsFi)
  2221 | D:4      | Found an opulent altar of Gozag.
  2240 | D:4      | Killed ceb's ghost
  2240 | D:4      | Reached skill level 6 in Axes
  2240 | D:4      | Reached skill level 5 in Shields
  2240 | D:4      | Reached XP level 7. HP: 33/54 MP: 7/7
  2688 | D:4      | Found a staircase to the Ecumenical Temple.
  2854 | Temple   | Entered the Ecumenical Temple
  3329 | D:4      | Found a white marble altar of Elyvilon.
  3607 | D:5      | Entered Level 5 of the Dungeon
  3642 | D:5      | Found a burning altar of Makhleb.
  3651 | D:5      | Got a slimy whip
  3675 | D:5      | Found a sand-covered staircase.
  3684 | Ossuary  | Entered an ossuary
  3744 | Ossuary  | Reached skill level 7 in Axes
  3773 | Ossuary  | Reached XP level 8. HP: 29/60 MP: 8/8
  4118 | D:5      | Identified the +3 whip "Koas" {venom, +Rage} (You found it on level 5 of the Dungeon)
  4123 | D:5      | Gained mutation: Potions are less effective at restoring your health. [potion of mutation]
  4123 | D:5      | Gained mutation: Armour fits poorly on your strangely shaped body. [potion of mutation]
  4123 | D:5      | Gained mutation: You are partially covered in rugged brown scales. (AC +1, +3% HP) [potion of mutation]
  4124 | D:5      | Lost mutation: You are partially covered in rugged brown scales. (AC +1, +3% HP) [potion of mutation]
  4124 | D:5      | Lost mutation: Potions are less effective at restoring your health. [potion of mutation]
  4124 | D:5      | Gained mutation: You are clumsy. (Dex -2) [potion of mutation]
  4124 | D:5      | Gained mutation: Potions are less effective at restoring your health. [potion of mutation]
  4124 | D:5      | Gained mutation: You have sharp toenails. [potion of mutation]
  4124 | D:5      | Gained mutation: Your flesh is cold resistant. (rC+) [potion of mutation]
  4191 | D:5      | Found a glowing golden altar of the Shining One.
  4197 | D:5      | Reached skill level 8 in Axes
  4587 | D:5      | You fall through a shaft!
  5183 | D:6      | Found a shimmering altar of Xom.
  5215 | D:6      | Learned a level 3 spell: Regeneration
  5237 | D:6      | Found Gaddavecuj's Magic Scroll Shoppe.
  5246 | D:6      | Bought a scroll of enchant armour for 82 gold pieces
  5246 | D:6      | Bought a scroll of holy word for 82 gold pieces
  5246 | D:6      | Bought a scroll of recharging for 104 gold pieces
  5413 | D:6      | Reached skill level 9 in Axes
  5413 | D:6      | Reached XP level 9. HP: 67/67 MP: 9/9
  5608 | D:6      | Reached skill level 5 in Fighting
  5868 | D:7      | Lost mutation: Armour fits poorly on your strangely shaped body. [potion of mutation]
  5868 | D:7      | Lost mutation: You are clumsy. (Dex -2) [potion of mutation]
  5868 | D:7      | Lost mutation: Your flesh is cold resistant. (rC+) [potion of mutation]
  5868 | D:7      | Lost mutation: You have sharp toenails. [potion of mutation]
  5868 | D:7      | Gained mutation: You are somewhat resistant to further mutation. [potion of mutation]
  5921 | D:7      | Noticed Joseph
  5949 | D:7      | Killed Joseph
  5954 | D:7      | Reached skill level 10 in Axes
  5982 | D:7      | HP: 2/68 [orc warrior/glaive (26)]
  5985 | D:7      | Slain by an orc warrior

Skill      XL: |  1  2  3  4  5  6  7  8  9 |
---------------+----------------------------+-----
Shields        | 4 5 6 7 |  7.2
Axes           | 4 6 7 9 10 | 10.0
Fighting       | 4 5 |  5.4
Armour         | |  3.4

Action                   |  1- 3 |  4- 6 |  7- 9 || total
-------------------------+-------+-------+-------++-------
Melee: War axe           |    70 |    68 |       ||   138
       Hand axe          |       |    34 |   286 ||   320
       Kick              |       |       |    21 ||    21
  Use: Scroll            |     4 |     5 |     9 ||    18
       Potion            |       |     1 |     4 ||     5
  Eat: Chunk             |       |     4 |    11 ||    15
       Fruit             |       |       |     2 ||     2
Armor: Scale mail        |    38 |    34 |    45 ||   117
Dodge: Dodged            |    24 |    25 |    25 ||    74
Block: Shield            |    47 |    40 |       ||    87
       Large shield      |       |    24 |   191 ||   215
